 Dungeon Crawl Stone Soup version 0.29.1-15-g9cfb28693d (webtiles) character file.

Game seed: 234946990776844993

46 zeram the Stinger (level 3, -2/33 HPs)
             Began as an Ogre Venom Mage on Feb 27, 2023.
             Slain by an adder (3 damage)
             ... on level 2 of the Dungeon on Mar 1, 2023.
             The game lasted 00:04:00 (2353 turns).

zeram the Stinger (Ogre Venom Mage)                 Turns: 2353, Time: 00:04:00

Health: -2/33      AC:  3    Str: 12    XL:     3   Next: 68%
Magic:  7/7        EV: 10    Int: 18    God:
Gold:   78         SH:  0    Dex:  9    Spells: 4/7 levels left

rFire   . . .      SeeInvis .   c - +0 trident
rCold   . . .      Faith    .   (no shield)
rNeg    . . .      Spirit   .   a - +0 robe
rPois   .          Reflect  .   (helmet restricted)
rElec   .          Harm     .   (no cloak)
rCorr   .          Rampage  .   (gloves unavailable)
Will    .....                   (boots unavailable)
Stlth   +.........              (no amulet)
HPRegen 0.11/turn               (no ring)
MPRegen 0.10/turn               (no ring)

@: lethally poisoned (-2 -> -6)
A: large, unfitting armour, tough skin 1
a: no special abilities


You were on level 2 of the Dungeon.
You visited 1 branch of the dungeon, and saw 2 of its levels.

You collected 78 gold pieces.

Inventory:

Hand Weapons
 c - a +0 trident (weapon)
Armour
 a - a +0 robe (worn)
Jewellery
 i - a +4 ring of protection
Scrolls
 d - 3 scrolls of identify
 e - a scroll of poison
 h - a scroll of blinking {unknown}
Potions
 b - a potion of magic
 f - a potion of might {unknown}
 g - 2 potions of curing {unknown}


   Skills:
 + Level 1.3 Fighting
 + Level 2.2 Dodging
 - Level 1.4 Stealth
 + Level 2.9 Spellcasting
 + Level 1.2 Transmutations
 + Level 3.3 Poison Magic


You had 4 spell levels left.
You knew the following spells:

 Your Spells              Type           Power      Damage    Failure   Level
a - Sting                 Tmut/Pois      40%        1d5       7%          1
b - Poisonous Vapours     Pois/Air       16%        N/A       13%         2

Your spell library contained the following spells:

 Spells                   Type           Power      Damage    Failure   Level
 Mephitic Cloud           Conj/Pois/Air  6%         N/A       30%         3
 Olgreb's Toxic Radiance  Pois           14%        N/A       38%         4


Dungeon Overview and Level Annotations

Branches:
Dungeon (2/15)

Altars:


Innate Abilities, Weirdness & Mutations

You are too large for most types of armour.
You have tough skin. (AC +1)


Message History

You are too injured to fight recklessly!
You are too injured to fight recklessly!
You are too injured to fight recklessly!
You are too injured to fight recklessly!
You are too injured to fight recklessly!
You are too injured to fight recklessly!
You are too injured to fight recklessly!
You are too injured to fight recklessly!
You are too injured to fight recklessly!
You are too injured to fight recklessly!
You are too injured to fight recklessly!
You are too injured to fight recklessly!
You are too injured to fight recklessly!
You are too injured to fight recklessly!
You are too injured to fight recklessly!
You closely miss the adder.
The adder is heavily wounded.
You feel sick. The adder bites you.
* * * LOW HITPOINT WARNING * * *
You hit the adder.
The adder is almost dead.
You feel sick. The adder bites you but does no damage. The adder bites you.
* * * LOW HITPOINT WARNING * * *
You are more poisoned.
The adder poisons you!
You miss the adder.
The adder is almost dead.
You feel sick. The adder misses you. The adder bites you.
* * * LOW HITPOINT WARNING * * *
You are lethally poisoned!
The adder poisons you!
You miss the adder.
The adder is almost dead.
* * * LOW HITPOINT WARNING * * *
You feel sick. The adder bites you but does no damage.
You closely miss the adder.
The adder is almost dead.
* * * LOW HITPOINT WARNING * * *
You feel sick. The adder bites you.
You die...

#.# #.# # #.# #.#
#.#####.######
#........<...#
#.#####.####.#
####.# #.# #.#
#....# #.# #.#
#.##.# #.# #.#
#@#.... #.# ##.##
#S#.....##.# #....
#.#.....##.# ##.##
#.#.....##.#######
#.#.....##........
#.###.### ######.#
#.# #.# #.#
#######.#
........#


You could see an adder.

Vanquished Creatures
  A gnoll (D:2)
  3 ball pythons (D:1)
  3 bats (D:1)
  5 endoplasms
  2 giant cockroaches (D:1)
  A goblin (D:1)
  2 hobgoblins (D:1)
  5 jackals
  3 kobolds
  3 quokkas (D:1)
  A frilled lizard (D:1)
  4 rats (D:2)
33 creatures vanquished.

Notes
Turn   | Place    | Note
-------+----------+-------------------------------------------
     0 | D:1      | zeram the Ogre Venom Mage began the quest for the Orb.
     0 | D:1      | Reached XP level 1. HP: 16/16 MP: 3/3
   487 | D:1      | Reached skill level 1 in Transmutations
   664 | D:1      | Reached XP level 2. HP: 26/26 MP: 5/5
   700 | D:1      | Reached skill level 3 in Poison Magic
   734 | D:1      | Reached skill level 1 in Fighting
  1465 | D:1      | Reached XP level 3. HP: 20/33 MP: 7/7
  1468 | D:1      | Learned a level 2 spell: Poisonous Vapours
  2353 | D:2      | HP: 1/33 [poisoned by an adder]
  2353 | D:2      | Slain by an adder

Illustrated notes

Levels and vault maps discovered:
D:1:      dpeg_arrival_round_a, layout_basic,
          nicolae_concentric_dashed_squares_mild,
          chequers_hall_statues_corner_a, hangedman_feature_mirror,
          roderic_roman_lattice, hex_tiny, interstate_on_off
D:2:      layout_loops_ring, cheibrodos_gnoll_hut

Skill      XL: |  1  2  3 |
---------------+----------+-----
Transmutations | 1 |  1.2
Poison Magic   | 3 |  3.3
Fighting       | 1 |  1.3
Dodging        | 2 |  2.2
Stealth        | |  1.4
Spellcasting   | |  2.9

Action                   || total
-------------------------++-------
Melee: Trident           ||   140
       Unarmed           ||     9
 Cast: Sting             ||     5
  Use: Scroll            ||     1
 Stab: Sleeping          ||     7
Armor: Robe              ||    45
Dodge: Dodged            ||    94
